 Dungeon Crawl Stone Soup version 0.31-a0-968-g24f9ace8b5 (webtiles) character file.

Game seed: 16295652055401174483

30 Xavori the Trooper (level 3, 0/30 HPs)
             Began as a Djinni Chaos Knight on Oct 27, 2023.
             Was a Plaything of Xom.
             Slain by Robin
             ... wielding a +1 spear of flaming
              (5 damage)
             ... on level 2 of the Dungeon.
             The game lasted 00:01:07 (8752 turns).

Xavori the Trooper (Djinni Chaos Knight)            Turns: 8752, Time: 00:01:07

Health: 0/30       AC:  4    Str: 10 (11) XL:     3   Next: 37%
Gold:   58         EV: 12    Int: 12 (13) God:    Xom [....*.] SH:  0 Dex: 16 (17)

rFire   + + .        a - +0 falchion (chaos)
rCold   x . .        (no shield)
rNeg    . . .        b - +2 leather armour
rPois   ∞            (no helmet)
rElec   .            (no cloak)
rCorr   .            h - +0 pair of gloves {Dex+3}
SInv    .            (boots unavailable)
Will    .....        (no amulet)
Stlth   +            (no ring)
HPRegen 0.25/turn    (no ring)
MPRegen 0.00/turn

%: infuse magic (-1 HP)
@: flying
A: sickness immunity, fire resistance 2, cold vulnerability 1, float, innate
caster, HP casting, extra vitality 1, deformed body, deterioration 1, screaming
1, wild magic 1, evolution 1, inability to drink after injury 1
a: Renounce Religion


You were on level 2 of the Dungeon.
You worshipped Xom.
You were a beloved toy of Xom.
You visited 1 branch of the dungeon, and saw 2 of its levels.

You collected 58 gold pieces.

Inventory:

Hand Weapons
 a - a +0 falchion of chaos (weapon)
Armour
 b - a +2 leather armour (worn)
 h - a +0 pair of gloves of dexterity (worn)
Scrolls
 c - a scroll of butterflies
 d - 2 scrolls of teleportation {unknown}
 e - 3 scrolls of identify {unknown}
 f - a scroll of summoning {unknown}
 i - a scroll of immolation {unknown}
 j - a scroll of revelation {unknown}
Potions
 g - 2 potions of haste {unknown}
 k - a potion of attraction {unknown}


   Skills:
 + Level 3.2 Fighting
 + Level 2.9 Long Blades
 + Level 1.4 Armour
 + Level 2.5 Dodging
 * Level 0.8 Spellcasting
 * Level 0.8 Conjurations
 * Level 0.8 Hexes
   Level 0.0 Charms
 * Level 0.8 Summonings
 * Level 0.8 Necromancy
 * Level 0.8 Translocations
 * Level 0.8 Transmutations
 * Level 0.8 Fire Magic
 * Level 0.8 Ice Magic
 * Level 0.8 Air Magic
 * Level 0.8 Earth Magic
 * Level 0.8 Poison Magic


You knew the following spells:

 Your Spells              Type           Power      Damage    Failure   Level
a - Kiss of Death         Conj/Necr      12%        2d6       36%         1
Your spell library was empty.

Dungeon Overview and Level Annotations

Branches:
Dungeon (2/15)

Altars:
Xom

Annotations:
D:2 Robin


Innate Abilities, Weirdness & Mutations

You are immune to sickness and miasma.
You are immune to poison.
Your flesh is very heat resistant. (rF++)
You are vulnerable to cold. (rC-)
You float through the air rather than walking.
You learn spells naturally, not from books.
Your magical power is your life essence.
You have superior vitality. (+4 MHP)
Armour fits poorly on your strangely shaped body.
Your body sometimes deteriorates upon taking damage.
You occasionally shout uncontrollably at your foes.
Your spells are a little harder to cast, but a little more powerful.
You have hidden genetic potential.
You occasionally lose the ability to drink potions when taking damage.


Message History

Robin closely misses you.
Unknown command.
You completely miss the hobgoblin. The goblin closely misses you.
Robin hits you from afar with a +1 spear of flaming.
The hobgoblin closely misses you.
Unknown command.
You hit the hobgoblin.
You kill the hobgoblin!
Robin hits you from afar with a +1 spear of flaming.
The goblin barely misses you.
Unknown command.
You closely miss the goblin. Robin misses you.
The goblin hits you with a +0 club.
The goblin unwields a +0 sling.
The goblin wields a +0 dagger.
The goblin hits you but does no damage. The goblin hits you with a +0 club.
Robin misses you.
Unknown command.
You are too injured to fight recklessly!
Unknown command.
You are too injured to fight recklessly!
You are too injured to fight recklessly!
You hit the goblin.
You kill the goblin!
The goblin hits you but does no damage.
Robin hits you from afar with a +1 spear of flaming.
* * * LOW HITPOINT WARNING * * *
The goblin barely misses you.
Things that are here:
a +0 dagger; a +0 sling; a hobgoblin corpse You closely miss the goblin.
The goblin misses you.
You slash the goblin!
You kill the goblin!
Robin closely misses you.
Robin hits you with a +1 spear of flaming.
* * * LOW HITPOINT WARNING * * *
You hit Robin. Lightning courses through Robin!
You punch Robin, but do no damage.
Robin is heavily wounded.
Robin hits you with a +1 spear of flaming.
You die...
Robin calls out, "Let's celebrate!
Time for a feast!"

#.# # #.# .. #.#.. ..
.#.##### ########.. .$.
..# #.........
#######.###.# #.........
.......)>.#.# #.........
##...###..#.# #.........
#....'.g@.#.####.........
#....###.##..))'.........
#.. #:...####[...<.... #
####'####.........
#...............
#...............
#...............
#...............
#......#########


You could see Robin.

Vanquished Creatures
  A bat (D:1)
  2 endoplasms
  10 goblins
  7 hobgoblins
  A kobold (D:1)
  2 ball pythons (D:1)
  A frilled lizard (D:1)
  A rat (D:2)
25 creatures vanquished.

Notes
Turn   | Place    | Note
-------+----------+-------------------------------------------
     0 | D:1      | Xavori the Djinni Chaos Knight began the quest for the Orb.
     0 | D:1      | Reached XP level 1. HP: 20/20 MP: 0/0
    21 | D:1      | XOM: silly message
   115 | D:1      | Reached XP level 2. HP: 18/25 MP: 0/0
   262 | D:1      | XOM: silly message
   486 | D:1      | XOM: divination: detect creatures
   574 | D:1      | XOM: 2-stop teleportation journey
  1077 | D:1      | XOM: give mutations
  1077 | D:1      | Gained mutation: You have hidden genetic potential. [Xom's
                  | mischief]
  1077 | D:1      | Gained mutation: Your muscles are strong. (Str +4, Int/Dex
                  | -1) [Xom's mischief]
  1077 | D:1      | Gained mutation: Armour fits poorly on your strangely
                  | shaped body. [Xom's mischief]
  1279 | D:1      | XOM is BORED!
  1480 | D:1      | XOM: summons 2 hostile demons
  1884 | D:1      | XOM: noise
  2993 | D:1      | XOM: summons 1 hostile demon
  2994 | D:1      | Noticed an orange demon
  3673 | D:1      | XOM: give mutation
  3673 | D:1      | Gained mutation: Your body sometimes deteriorates upon
                  | taking damage. [Xom's mischief]
  3822 | D:1      | XOM: give mutations
  3822 | D:1      | Gained mutation: You occasionally lose the ability to drink
                  | potions when taking damage. [Xom's mischief]
  3822 | D:1      | Gained mutation: You are clumsy. (Dex -2) [Xom's mischief]
  3822 | D:1      | Lost mutation: Your muscles are strong. (Str +4, Int/Dex
                  | -1) [Xom's mischief]
  3822 | D:1      | Gained mutation: You occasionally shout uncontrollably at
                  | your foes. [Xom's mischief]
  3828 | D:1      | XOM: cloud trail
  3871 | D:1      | XOM: scenery: create altars
  4454 | D:1      | XOM: cloud trail
  4539 | D:1      | XOM is BORED!
  5413 | D:1      | XOM: divination: detect items
  5723 | D:1      | XOM: divination: detect items
  6322 | D:1      | XOM is BORED!
  6322 | D:1      | XOM: stat loss: -1 Str (10/11)
  7023 | D:1      | XOM: give mutation
  7023 | D:1      | Lost mutation: You are clumsy. (Dex -2) [Xom's grace]
  7150 | D:1      | XOM: stat loss: -1 Int (12/13)
  7750 | D:1      | XOM: stat loss: -1 Dex (11/12)
  7819 | D:1      | XOM: give mutation
  7819 | D:1      | Gained mutation: Your spells are a little harder to cast,
                  | but a little more powerful. [Xom's grace]
  7935 | D:1      | XOM: god gift: leather armour {god gift}
  8669 | D:1      | XOM: god gift: +0 pair of gloves of dexterity
  8701 | D:2      | Noticed Robin
  8717 | D:2      | Reached XP level 3. HP: 30/30 MP: 0/0
  8717 | D:2      | Learned a level 1 spell: Kiss of Death
  8752 | D:2      | Slain by Robin

Illustrated notes

Levels and vault maps discovered:
D:1:      saegor_arrival_simple_a, layout_rooms, serial_forest,
          infiniplex_forest_pool, infiniplex_forest_pool,
          infiniplex_forest_lined_room_3, infiniplex_forest_corner_2,
          infiniplex_forest_corner_1, minmay_misc_feat_chi, minmay_tetromino_t4
D:2:      layout_basic, uniq_jessica, uniq_robin

Action                     || total
---------------------------++-------
  Melee: Falchion          ||    62
         Punch             ||     1
   Stab: Sleeping          ||     1
 Armour: Leather armour    ||    49
  Dodge: Dodged            ||    33

Table legend: (Time is in decaauts)
 A = Elapsed time spent in this place.
 B = Non-inter-level travel time spent in this place.
 C = Inter-level travel time spent in this place.
 D = Time resting spent in this place.
 E = Time spent auto-exploring this place.
 F = Levels seen in this place.
 G = Mean time per level.
                   A        B        C        D        E       F      G
               +--------+--------+--------+--------+--------+-----+--------+
         Total |   8764 |   8761 |      3 |   8004 |    577 |   2 | 4382.0 |
       Dungeon |   8764 |   8761 |      3 |   8004 |    577 |   2 | 4382.0 |
               +--------+--------+--------+--------+--------+-----+--------+

Top non-repeatable levels by time:
     D:1: 8175 daAuts
     D:2: 588 daAuts
